 Dungeon Crawl Stone Soup version 0.29.1-15-g9cfb28693d (webtiles) character file.

Game seed: 13388415000933897671

2256 Eitelfritz the Carver (level 9, -3/78 HPs)
             Began as a Minotaur Gladiator on Apr 28, 2023.
             Was an Initiate of Hepliaklqana.
             Killed from afar by a steam dragon (16 damage)
             ... with a ball of steam
             ... on level 7 of the Dungeon.
             The game lasted 00:16:25 (8991 turns).

Eitelfritz the Carver (Minotaur Gladiator)          Turns: 8991, Time: 00:16:25

Health: -3/78      AC:  6    Str: 21    XL:     9   Next: 15%
Magic:  0/8        EV: 14    Int:  7    God:    Hepliaklqana [......]
Gold:   1476       SH:  0    Dex: 12    Spells: 8/8 levels left

rFire   . . .      SeeInvis .   a - +2 long sword (elec)
rCold   . . .      Faith    .   (no shield)
rNeg    . . .      Spirit   +   s - +0 leather armour
rPois   .          Reflect  .   c - +2 hat
rElec   .          Harm     .   (no cloak)
rCorr   .          Rampage  .   y - +0 pair of gloves
Will    .....                   (no boots)
Stlth   ++........              g - amulet of guardian spirit
HPRegen 0.23/turn               (no ring)
MPRegen 0.11/turn               (no ring)

@: no status effects
A: horns 2, retaliatory headbutt
a: Renounce Religion


You were on level 7 of the Dungeon.
You worshipped Hepliaklqana.
Hepliaklqana was noncommittal.
You visited 2 branches of the dungeon, and saw 8 of its levels.
You also visited: Sewer and Ossuary.

You collected 1476 gold pieces.

Inventory:

Hand Weapons
 a - a +2 long sword of electrocution (weapon)
 b - a +0 shortbow
 x - a +0 flail
Missiles
 d - 4 throwing nets
 e - a javelin
 m - 9 poisoned darts (quivered)
Armour
 c - a +2 hat (worn)
 s - a +0 leather armour (worn)
 y - a +0 pair of gloves (worn)
Jewellery
 g - an amulet of guardian spirit (around neck)
 k - a ring of magical power
 n - a ring of magical power
 p - a +4 ring of evasion
 E - a ring of positive energy
Wands
 j - a wand of light (13)
Scrolls
 h - 2 scrolls of blinking
 l - 5 scrolls of vulnerability
 o - 4 scrolls of teleportation
 w - 3 scrolls of silence
 B - 3 scrolls of fog
 F - a scroll of amnesia
 G - a scroll of immolation
Potions
 f - 2 potions of berserk rage {unknown}
 i - 3 potions of curing
 q - 3 potions of brilliance
 r - a potion of invisibility {unknown}
 t - 2 potions of ambrosia
 u - a potion of attraction {unknown}
 v - 6 potions of lignification
 z - a potion of might {unknown}
 A - 2 potions of mutation {unknown}
 C - a potion of haste {unknown}


   Skills:
 + Level 6.6 Fighting
 + Level 9.7 Long Blades
 + Level 0.6 Ranged Weapons
 + Level 3.1 Throwing
 + Level 5.2 Armour
 + Level 6.9 Dodging
 + Level 2.0 Stealth


You had 8 spell levels left.
You didn't know any spells.
Your spell library contained the following spells:

 Spells                   Type           Power      Damage    Failure   Level
 Apportation              Tloc           0%         N/A       47%         1
 Beastly Appendage        Tmut           0%         N/A       47%         1
 Necrotise                Necr           0%         1d4       47%         1
 Sandblast                Erth           0%         2d4       47%         1
 Shock                    Conj/Air       0%         1d3       47%         1
 Summon Small Mammal      Summ           0%         N/A       47%         1
 Passwall                 Tmut/Erth      0%         N/A       63%         2
 Ignite Poison            Fire/Tmut/Pois 0%         N/A       85%         3
 Mephitic Cloud           Conj/Pois/Air  0%         N/A       85%         3
 Stone Arrow              Conj/Erth      0%         3d7       85%         3
 Swiftness                Air            0%         N/A       85%         3
 Airstrike                Air            0%         2d(0-16)  99%         4
 Freezing Cloud           Conj/Ice/Air   0%         6-21      100%        5


Dungeon Overview and Level Annotations

Branches:
Dungeon (7/15)             Temple (1/1) D:5           Sewer (visited)
Ossuary (visited)

Altars:
Ashenzari
Cheibriados
Dithmenos
Elyvilon
Fedhas
Hepliaklqana
Kikubaaqudgha
Makhleb
Okawaru
Qazlal
Ru
Trog
Vehumet
Xom
Yredelemnul


Innate Abilities, Weirdness & Mutations

You have a pair of horns on your head.
You reflexively headbutt those who attack you in melee.


Message History

You feel less invigorated.
You feel less confused. The steam dragon bites you.
* * * LOW HITPOINT WARNING * * *
The steam dragon closely misses you. The sky beast closely misses you.
You furiously retaliate!
You headbutt the sky beast. You hit the steam dragon.
Your headbutt misses the steam dragon.
The steam dragon is lightly wounded.
You are engulfed in a cloud of scalding steam.
* * * LOW HITPOINT WARNING * * *
The steam dragon closely misses you. You furiously retaliate!
You headbutt the steam dragon. The steam dragon barely misses you.
The sky beast flickers out of sight!
Deactivating autopickup; reactivate with Ctrl-A.
Something hits you but does no damage.
You hit the steam dragon. You headbutt the steam dragon!
The steam dragon is severely wounded.
You are engulfed in a cloud of scalding steam.
* * * LOW HITPOINT WARNING * * *
The steam dragon bites you but does no damage.
The steam dragon claws you but does no damage.
A sky beast appears from thin air!
Reactivating autopickup.
The sky beast completely misses you. You furiously retaliate!
You headbutt the sky beast.
You feel better. The steam dragon completely misses you.
The steam dragon claws you but does no damage.
The sky beast completely misses you. You furiously retaliate!
You headbutt the sky beast, but do no damage.
You hit the steam dragon.
You headbutt the steam dragon, but do no damage.
The steam dragon is severely wounded.
The steam dragon misses you.
The steam dragon claws you but does no damage.
The sky beast hits you but does no damage.
You hit the steam dragon but do no damage.
The steam dragon is severely wounded.
The steam dragon breathes steam at you. The ball of steam hits you!!
You die...

#..........#
#........{.#
#........D#
#.......§.#
#........§# .......S
#########...#
#.....@D....#
#......Y....#
##...........##
#..###........#...###
###.##
##..............#
##...#
#................
#..###
###.............#
#.## #+#
##............. #.#
+.+ #............


You could see a steam dragon (catching breath) and a sky beast.

Vanquished Creatures
  A steam dragon (D:7)
  3 water moccasins (D:6)
  A sky beast (D:6)
  An orc warrior (D:6)
  A black bear (D:4)
  2 ogres (D:4)
  2 centaurs
  2 phantoms
  A kobold brigand (D:6)
  2 bullfrogs (Sewer)
  A scorpion (D:5)
  2 hounds (D:6)
  An orc priest (D:4)
  A jelly (D:7)
  Jessica (D:2)
  5 iguanas
  4 orc wizards
  4 mummies (Ossuary)
  16 adders
  5 river rats (Sewer)
  An ufetubus (D:5)
  2 adder zombies (Ossuary)
  5 dart slugs
  26 orcs
  3 bats
  7 endoplasms
  12 giant cockroaches
  5 hobgoblins
  5 jackals
  3 quokkas
  17 ball pythons
  4 frilled lizards
  A gnoll zombie (Ossuary)
  5 goblins
  2 goblin zombies (Ossuary)
  A hobgoblin zombie (Ossuary)
  2 jackal zombies (Ossuary)
  12 kobolds
  A kobold zombie (Ossuary)
  An orc zombie (Ossuary)
  33 rats
  2 rat zombies (Ossuary)
206 creatures vanquished.

Notes
Turn   | Place    | Note
-------+----------+-------------------------------------------
     0 | D:1      | Eitelfritz the Minotaur Gladiator began the quest for the
                  | Orb.
     0 | D:1      | Reached XP level 1. HP: 18/18 MP: 0/0
   236 | D:1      | Reached XP level 2. HP: 25/25 MP: 1/1
   454 | D:1      | Found a faded altar of an unknown god.
   459 | D:1      | Got Plato's Secrets of Variation
   528 | D:2      | Reached skill level 4 in Long Blades
   673 | D:2      | Noticed Jessica
   837 | D:2      | Reached skill level 1 in Armour
   838 | D:2      | Reached XP level 3. HP: 19/30 MP: 2/2
  1001 | D:2      | Killed Jessica
  1194 | D:2      | Reached XP level 4. HP: 31/37 MP: 3/3
  1880 | D:3      | Found a bloodstained altar of Trog.
  1946 | D:3      | Found a glowing drain.
  1977 | D:3      | Reached skill level 5 in Long Blades
  2014 | Sewer    | Entered a sewer
  2077 | Sewer    | Reached XP level 5. HP: 32/45 MP: 4/4
  2465 | Sewer    | HP: 1/45 [river rat (4)]
  2835 | Sewer    | Reached skill level 6 in Long Blades
  2835 | Sewer    | Reached XP level 6. HP: 14/51 MP: 5/5
  3988 | D:3      | Identified a scroll of acquirement
  3988 | D:3      | Acquired 991 gold pieces
  4049 | D:4      | Reached skill level 1 in Stealth
  4233 | D:4      | Reached skill level 5 in Dodging
  4274 | D:4      | Reached XP level 7. HP: 47/59 MP: 6/6
  4548 | D:4      | Reached skill level 7 in Long Blades
  5165 | D:5      | Entered Level 5 of the Dungeon
  5608 | D:5      | Found a staircase to the Ecumenical Temple.
  5623 | D:5      | Reached skill level 5 in Fighting
  5628 | Temple   | Entered the Ecumenical Temple
  5918 | D:5      | Found a radiant altar of Vehumet.
  5923 | D:5      | Reached XP level 8. HP: 63/68 MP: 7/7
  5926 | D:5      | Reached skill level 8 in Long Blades
  6448 | D:5      | Found a stormy altar of Qazlal.
  7068 | D:6      | Found a sand-covered staircase.
  7080 | Ossuary  | Entered an ossuary
  7625 | Temple   | Became a worshipper of Hepliaklqana the Forgotten
  7851 | D:6      | Reached skill level 5 in Armour
  8109 | D:6      | Found an iron altar of Okawaru.
  8200 | D:6      | Reached skill level 9 in Long Blades
  8660 | D:6      | Reached XP level 9. HP: 37/77 MP: 4/8
  8991 | D:7      | Killed from afar by a steam dragon

Illustrated notes

Levels and vault maps discovered:
D:1:      minmay_arrival_doors, layout_rooms,
          shapermc_ecumenical_altar_rom_forum
D:2:      layout_rooms, serial_glass, glass_columns_b, glass_columns_b,
          glass_columns_c, glass_columns_b, glass_columns_c, glass_columns_a,
          glass_columns_a, glass_columns_b, uniq_jessica
D:3:      kb_forest_paths, layout_loops_ring, old_standard_altar,
          gup_sewer_entry_pipe
D:4:      layout_basic, st_stairs_10
D:5:      layout_layer_cave, nicolae_vehumet_altar_sigil,
          lemuel_coloured_pillars_altar, minmay_temple_entry_statues_fountains
D:6:      layout_gridville, okawaru_trees_2,
          lightli_ossuary_entry_decrepit_ruins
D:7:      layout_rooms, nemelex_dance_club_becter, serial_shops, shop_statue,
          corexii_leaking_fountain
Temple:   minmay_temple_curvy_loop

Skill      XL: |  1  2  3  4  5  6  7  8  9 |
---------------+----------------------------+-----
Long Blades    | 4 5 6 7 9 |  9.7
Armour         | 1 2 3 4 5 |  5.2
Dodging        | 4 5 6 |  6.9
Fighting       | 3 4 5 6 |  6.6
Stealth        | 1 2 |  2.0
Throwing       | 3 |  3.1
Ranged Weapons | |  0.6

Action                   |  1- 3 |  4- 6 |  7- 9 || total
-------------------------+-------+-------+-------++-------
Melee: Long sword        |    64 |   210 |   198 ||   472
       Headbutt          |    12 |    33 |    28 ||    73
       Punch             |     1 |     2 |     3 ||     6
 Fire: Shortbow          |       |       |     7 ||     7
Throw: Dart              |       |       |    17 ||    17
  Use: Potion            |       |     2 |     5 ||     7
       Scroll            |       |    13 |     8 ||    21
 Stab: Sleeping          |       |     3 |     1 ||     4
Armor: Leather armour    |    15 |    89 |    88 ||   192
Dodge: Dodged            |    51 |   201 |   194 ||   446
